 Dungeon Crawl Stone Soup version 0.16-b1 (webtiles) character file.

228 Fluffy the Charmwright (level 5, -2/36 HPs)
             Began as a High Elf Skald on Mar 14, 2015.
             Shot with an arrow by a centaur (14 damage)
             ... on level 3 of the Dungeon.
             The game lasted 00:09:16 (2536 turns).

Fluffy the Charmwright (High Elf Skald)             Turns: 2536, Time: 00:09:16

Health: -2/36      AC:  5    Str: 11    XL:     5   Next: 71%
Magic:  10/14      EV: 12    Int: 16    God:
Gold:   69         SH:  0    Dex: 15    Spells: 3 memorised, 6 levels left

rFire  . . .     SeeInvis .     a - +0 falchion
rCold  . . .     Clarity  .     b - +0 leather armour
rNeg   . . .     SustAb   .     (no shield)
rPois  +         Gourm    .     (no helmet)
rElec  .         Spirit   .     j - +0 cloak
rCorr  .         Warding  .     (no gloves)
rMut   .         Stasis   .     f - +0 pair of boots
MR     .....                    (no amulet)
Stlth  +.........               (no ring)
                                h - ring of poison resistance

@: infused, very slightly contaminated, not resistant to hostile enchantments,
very unstealthy
A: no striking features
a: no special abilities


You were on level 3 of the Dungeon.
You were not hungry.

You visited 1 branch of the dungeon, and saw 3 of its levels.

You collected 69 gold pieces.

Inventory:

Hand weapons
 a - a +0 falchion (weapon)
Armour
 b - a +0 leather armour (worn)
 f - a +0 pair of boots (worn)
 j - a +0 cloak (worn)
Jewellery
 h - a ring of poison resistance (left hand)
Scrolls
 e - 2 scrolls of remove curse
 g - 2 scrolls of magic mapping
Potions
 l - 2 potions of restore abilities
 n - a potion of heal wounds
 o - a potion of magic {unknown}
Books
 c - a book of Battle

   Spells                             Type                      Level
   a - Infusion                       Charms                       1
   b - Shroud of Golubria             Charms/Translocation         2
   c - Song of Slaying                Charms                       2
   d - Spectral Weapon                Hexes/Charms                 3
   e - Regeneration                   Charms/Necromancy            3
Comestibles
 d - 5 bread rations
 i - 3 fruits
 p - a chunk of flesh
 q - a meat ration


   Skills:
 + Level 2.9 Fighting
 + Level 3.5 Long Blades
 - Level 0.8 Armour
 + Level 2.2 Dodging
 + Level 3.5 Spellcasting
 + Level 5.0 Charms
 + Level 1.9 Translocations


You had 6 spell levels left.
You knew the following spells:

 Your Spells              Type           Power        Failure   Level  Hunger
a - Infusion              Chrm           ###...       3%          1    None
b - Song of Slaying       Chrm           ###.....     6%          2    ##.....
c - Shroud of Golubria    Chrm/Tloc      ##........   12%         2    ##.....


Dungeon Overview and Level Annotations

Branches:
Dungeon (3/15)

Altars:
Zin


Message History

Eat one of 2 chunks of flesh? (ye/n/q/i?) This raw flesh tastes terrible.
You continue eating. x2
You start resting.
A giant newt comes into view.
A giant newt is nearby!
A centaur comes into view.
Casting: Shroud of Golubria
Confirm with . or Enter, or press ? or * to list all spells.
You begin infusing your attacks with magical energy.
The centaur shouts!
The centaur wields a shortbow.
The centaur shoots an arrow.
The arrow hits you. The giant newt closely misses you.
You slash the giant newt!
You kill the giant newt!
The centaur shoots an arrow.
The arrow hits you!
The centaur shoots an arrow.
The arrow barely misses you.
The centaur shoots an arrow.
The arrow hits you!
The centaur shoots an arrow.
The arrow hits you!
You die...

#....... ##.#<...
..#.....>.#
#.#.#.#...#
#...#.#..########
#...#.#.[........
..
#......(.#######.
#..#..#.#.(.#
#.......@.#.#####
##.#..#.#.........
#.............
#....#.#.........
......#.#........
..##. #.###.####
#.... . ..
#..##c######.....
##
##.).............
##.......###.....


You could see a centaur.

Vanquished Creatures
  Sigmund (D:3)
  Crazy Yiuf (D:2)
  Jessica (D:2)
  6 adders
  2 giant mites (D:2)
  2 giant geckos (D:1)
  6 bats
  5 goblins
  6 hobgoblins
  6 giant newts
  9 kobolds
  6 rats
51 creatures vanquished.

Notes
Turn   | Place    | Note
--------------------------------------------------------------
     0 | D:1      | Fluffy, the High Elf Skald, began the quest for the Orb.
     0 | D:1      | Reached XP level 1. HP: 14/14 MP: 4/4
   163 | D:1      | Reached skill level 4 in Charms
   245 | D:1      | Reached XP level 2. HP: 17/19 MP: 0/6
   303 | D:1      | Learned a level 2 spell: Song of Slaying
   306 | D:1      | Learned a level 2 spell: Shroud of Golubria
  1110 | D:2      | Reached XP level 3. HP: 17/24 MP: 4/8
  1595 | D:2      | Found a glowing silver altar of Zin.
  1627 | D:2      | Noticed Jessica
  1631 | D:2      | Killed Jessica
  1631 | D:2      | Reached skill level 1 in Translocations
  1631 | D:2      | Reached XP level 4. HP: 14/30 MP: 8/12
  1931 | D:2      | Noticed Crazy Yiuf
  1939 | D:2      | Killed Crazy Yiuf
  2194 | D:2      | Reached XP level 5. HP: 28/35 MP: 10/14
  2424 | D:3      | Noticed Sigmund
  2438 | D:3      | HP: 1/35 [Sigmund/magic dart (5)]
  2443 | D:3      | Killed Sigmund
  2443 | D:3      | Reached skill level 5 in Charms
  2532 | D:3      | Noticed a centaur
  2536 | D:3      | Shot with an arrow by a centaur

Action                   |  1- 3 |  4- 6 || total
-------------------------+-------+-------++-------
Melee: Falchion          |   113 |    51 ||   164
 Cast: Infusion          |    15 |     8 ||    23
       Shroud of Golubri |       |     3 ||     3
  Use: Scroll            |     6 |     4 ||    10
       Potion            |     1 |     2 ||     3
  Eat: Chunk             |     2 |     5 ||     7
